 Dungeon Crawl Stone Soup version 0.29.1-2-gbd0b4ee654 (webtiles) character file.

Game seed: 8134800056916851725

14 DildoBatman the Conjurer (level 2, -2/19 HPs)
             Began as a Formicid Conjurer on Nov 22, 2022.
             Slain by a jackal (3 damage)
             ... on level 1 of the Dungeon.
             The game lasted 00:01:10 (346 turns).

DildoBatman the Conjurer (Formicid Conjurer)         Turns: 346, Time: 00:01:11

Health: -2/19      AC:  2    Str: 11    XL:     2   Next: 55%
Magic:  2/5        EV: 12    Int: 17    God:
Gold:   11         SH:  0    Dex: 12    Spells: 2/5 levels left

rFire   . . .      SeeInvis +   g - +0 short sword
rCold   . . .      Faith    .   (no shield)
rNeg    . . .      Spirit   .   a - +0 robe
rPois   .          Reflect  .   (helmet unavailable)
rElec   .          Harm     .   (no cloak)
rCorr   .          Rampage  .   (no gloves)
Will    .....                   (no boots)
Stlth   ++........              (no amulet)
HPRegen 0.06/turn               (no ring)
MPRegen 0.09/turn               (no ring)

@: no status effects
A: permanent stasis, dig shafts and tunnels, antennae 3, four strong arms
a: Dig, Shaft Self


You were on level 1 of the Dungeon.
You visited 1 branch of the dungeon, and saw 1 of its levels.

You collected 11 gold pieces.

Inventory:

Hand Weapons
 g - a +0 short sword (weapon)
Missiles
 d - 11 stones
Armour
 a - a +0 robe (worn)
Scrolls
 c - a scroll of enchant armour {unknown}
 e - a scroll of identify {unknown}
Potions
 b - a potion of magic
 f - a potion of brilliance {unknown}


   Skills:
 - Level 1.7 Dodging
 - Level 2.4 Stealth
 - Level 2.1 Spellcasting
 * Level 4.2 Conjurations


You had 2 spell levels left.
You knew the following spells:

 Your Spells              Type           Power      Damage    Failure   Level
a - Searing Ray           Conj           32%        2d5       4%          2
c - Magic Dart            Conj           64%        1d6       3%          1

Your spell library contained the following spells:

 Spells                   Type           Power      Damage    Failure   Level
 Dazzling Flash           Conj/Hex       18%        N/A       24%         3
 Fulminant Prism          Conj/Hex       4%         3d6       63%         4
 Iskenderun's Mystic Bla  Conj/Tloc      9%         2d4       63%         4


Dungeon Overview and Level Annotations

Branches:
Dungeon (1/15)

Altars:


Innate Abilities, Weirdness & Mutations

You cannot be hasted, slowed, berserked, paralysed or teleported.
You can dig through walls and to a lower floor.
You have a pair of large antennae on your head. (SInv)
Your four strong arms can wield two-handed weapons with a shield.


Message History

The jackal bites you.
You barely miss the jackal. The jackal closely misses you.
The jackal bites you.
You hit the jackal.
The jackal is lightly wounded.
The jackal misses you.
You hit the jackal.
The jackal is severely wounded.
The jackal bites you.
The jackal bites you but does no damage.
You miss the jackal.
The jackal is severely wounded.
The jackal barely misses you.
You barely miss the jackal.
The jackal is severely wounded.
The bat closely misses you. The jackal bites you.
The jackal completely misses you.
You miss the jackal.
The jackal is severely wounded.
The bat hits you. The jackal misses you.
The jackal bites you but does no damage.
You closely miss the jackal.
The jackal is severely wounded.
The jackal bites you but does no damage.
The bat hits you.
You closely miss the jackal.
The jackal is severely wounded.
The bat hits you but does no damage. The jackal misses you.
The jackal bites you.
You hit the jackal.
The jackal is almost dead.
The jackal barely misses you.
You hit the jackal but do no damage.
The jackal is almost dead.
The jackal bites you.
You die...

.... ......♣..###......# #...
.............###..#
##...###.....####....###.##
#.#.#.#.#.#.#.#.#.#..........
...>....................#####
#.#.#.#.#.#.#.#.#.#.....####
[...?.............{........##
#.#.#.#.#.#h#.#.#.#....###...
#.....##@###..#..........
#...####...#.############
#...# ###...############
#...# ##†............. #...#
########....### #...#
####.### #. #.... #####


You could see a jackal.

Vanquished Creatures
  3 endoplasms (D:1)
  A giant cockroach (D:1)
  A hobgoblin (D:1)
  3 jackals (D:1)
  2 kobolds (D:1)
  A ball python (D:1)
11 creatures vanquished.

Notes
Turn   | Place    | Note
-------+----------+-------------------------------------------
     0 | D:1      | DildoBatman the Formicid Conjurer began the quest for the
                  | Orb.
     0 | D:1      | Reached XP level 1. HP: 13/13 MP: 3/3
   216 | D:1      | Reached XP level 2. HP: 12/19 MP: 1/5
   219 | D:1      | Learned a level 2 spell: Searing Ray
   265 | D:1      | Reached skill level 4 in Conjurations
   346 | D:1      | Slain by a jackal

Illustrated notes

Levels and vault maps discovered:
D:1:      evilmike_arrival_rings, layout_rooms, serial_shops,
          nicolae_shop_statue_plus, st_stairs_13, chequers_mini_garden

Skill      XL: |  1  2 |
---------------+-------+-----
Conjurations   | 4 |  4.2
Dodging        | |  1.7
Stealth        | |  2.4
Spellcasting   | |  2.1

Action                   || total
-------------------------++-------
Melee: Unarmed           ||     8
       Short sword       ||    18
 Cast: Magic Dart        ||    19
       Searing Ray       ||     1
Armor: Robe              ||     9
Dodge: Dodged            ||    29
